Ludex, chaotic male human Priest --- ---- --.--------- |..| |.......--.-- |..-- ----- |..[........| --...| ----- |...--- |%.........-- |....| --...| |.....------------.%........----- |...## |....---- |-...%........^..%....*.........| ##--....|# --.......-- |..........---.-....--..-------.- |.......#-- -.--.........-- |.......%%.|......------- ---... --.........-- |>............| --...--.-..-|...%..| --...--.|...........------ |.....^......-- ----...--|...--|......---- |.....|..........|...--..|-------...........-- |....--- ---.--|.........| |.........|.....----.....--.|..|............| --...| |...|-........-- #...--..----.- ---...............--....-- |...-- ------.--(........| #-.------ ---...........rI|--..-- |....---.--|<........----- --. --...........g|--..| ---.......|--..--.---- --....--...--#|...| ----[...| |..|--- |..-----..| #-.-- ---%.| ---- |..| ---- --- |..| ---- ---- Ludex the Adept Experience level: 7 Strength: 18 Dexterity: 11 Constitution: 16 Intelligence: 9 Wisdom: 18 Charisma: 9 Health: 0(49) Energy: 56(56) Def: 17 Gold: 299 Moves: 3558 Dungeon seed: oBpQY3UP1aeQ3Bbx Game ID: Ludex_1521328804 Your Inventory: Coins $ - 299 gold pieces Amulets m - a cursed amulet of strangulation Weapons a - a blessed rusty +1 mace (weapon in claw) Armor e - an uncursed +0 robe (being worn) n - an uncursed +0 small shield (being worn) Comestibles c - an uncursed clove of garlic d - an uncursed sprig of wolfsbane Scrolls k - a blessed scroll of enchant weapon l - a cursed scroll of teleportation q - an uncursed scroll of identify Spellbooks t - an uncursed spellbook of force bolt Potions b - 2 potions of holy water i - an uncursed potion of invisibility o - an uncursed potion of confusion u - an uncursed potion of water w - a blessed potion of fruit juice Wands j - an uncursed wand of make invisible (0:5) s - an uncursed wand of cancellation (0:5) x - an uncursed wand of undead turning (0:3) Tools h - an uncursed oil lamp (0:0) v - an uncursed towel Spells and supernatural/magical abilities: Name Level Category Fail Memory K - cure sickness 3 healing 59% 96% O - create monster 2 clerical 0% 96% W - pray for help -- divine ? -- X - turn undead -- divine ? -- Your skills at the end: Fighting Skills wands [Basic] Weapon Skills mace [Skilled] Spellcasting Skills clerical spells [Basic] Final Attributes: You were petrification resistant. You could survive without air. You were permanently polymorphed into a gargoyle. You could not change form. You last prayed 27 turns ago. You are dead. Vanquished creatures: a troll a winter wolf cub a leprechaun 3 gnome kings a rust monster a dwarf lord a rope golem a rock piercer a rock mole 10 gnome lords 4 gnomish wizards a kobold mummy a gray ooze a ghoul a kitten 14 dwarves a kobold lord an iguana 3 hobbits 48 gnomes a gecko 2 jackals 2 foxes a kobold a goblin 5 lichens 3 newts 111 creatures vanquished. Voluntary challenges: You did not eat until turn 2331. You had followed a strict vegan diet until turn 2331. You had followed a strict vegetarian diet until turn 2331. You had been an atheist until turn 3528. You used a wielded weapon 116 times, starting on turn 155. You read items or engraved 10 times, starting on turn 1012. You never genocided any monsters. You never polymorphed an object. You never changed form. You used no wishes. You never split a pudding. You never wrote Elbereth's name. You never violated your personal moral code. Dungeon overview: The Dungeons of Doom: levels 1 to 4 Level 1 a fountain a long staircase Level 2 some altars to Amaterasu Omikami and Raijin, a fountain Level 3 a weapon shop Level 4 a fountain stairs to The Gnomish Mines The Gnomish Mines: levels 5 to 11 Level 5 stairs to The Dungeons of Doom Level 6 Level 7 some shops, a temple to Raijin, some fountains Level 8 Level 9 Level 10 Level 11 <- You were here History has recorded: On T:1 you entered the Dungeons of Doom to retrieve the Amulet of Yendor! On T:316 you reached level 2 of The Dungeons of Doom. On T:633 you reached level 3 of The Dungeons of Doom. On T:903 you advanced to experience level 2. On T:1068 you reached level 4 of The Dungeons of Doom. On T:1104 you reached level 1 of The Gnomish Mines. On T:1107 you advanced to experience level 3. On T:1110 you advanced to experience level 4. On T:1137 you reached level 2 of The Gnomish Mines. On T:1161 you advanced to experience level 5. On T:1383 you reached level 3 of The Gnomish Mines. On T:1475 you advanced to experience level 6. On T:1713 you reached level 4 of The Gnomish Mines. On T:2088 you reached level 5 of The Gnomish Mines. On T:2211 you advanced to experience level 7. On T:2575 you reached level 6 of The Gnomish Mines. On T:2977 you reached level 7 of The Gnomish Mines. Score breakdown: Gold: 299 ( 8426 points) Experience: 7 levels (13645 points) Exploration: 11 levels ( 22.92%) (13837 points) Discoveries: 6 items ( 2.00%) ( 4242 points) Valuables value: (no points given unless you survive) Artifact value: 0 ( 0 points) Variety of kills: 27 monsters ( 7.11%) ( 7996 points) Turncount: 3558 turns ( -851 points) Survival: died (score multiplied by 80%) Total score: 37836 Latest messages: You resume your meal. The bite-covered troll rises from the dead! You stop eating. [4 turns] The troll suddenly disappears! It must be an uncursed wand of make invisible. It misses. It hits! It misses. You sense magical energies being absorbed from its vicinity. It misses. It hits! It misses. The rock mole is alive again! It hits! For some reason, you think that you can almost hear the Wizard laugh manically... Final status: Goodbye Ludex the Priest, killed by an invisible troll, while stuck in monster form... You died in The Gnomish Mines on dungeon level 11 with 37836 points, and 299 pieces of gold, after 3558 moves. You were level 7 with a maximum of 46 hit points when you died.